[ PARTIDA AOE2 · #463203247 ]
Team RMBereberes vs Britons
[ ANÁLISIS DE REPETICIÓN · EXTRAÍDO DE LA PARTIDA GRABADA ]
Feudal
12:44
Castillos
16:21
Imperial
—
| APM promedio | 22.4 |
| APM pico | 59 |
| eAPM promedio | 12.6 |
| Aldeanos / militares | 124 / 57 |
Foco
⚔️ 14.7% · 🌾 85.3%
Camel Archer ×43 · Knight ×8 · Battering Ram ×4 · Monk ×2
Feudal
13:42
Castillos
16:23
Imperial
—
| APM promedio | 7.7 |
| APM pico | 20 |
| eAPM promedio | 5.7 |
| Aldeanos / militares | 90 / 9 |
Foco
⚔️ 14.8% · 🌾 85.2%
Scout Cavalry ×8 · Monk ×1
Feudal
13:03
Castillos
17:43
Imperial
34:11
| APM promedio | 15.4 |
| APM pico | 39 |
| eAPM promedio | 10.4 |
| Aldeanos / militares | 119 / 3 |
Foco
⚔️ 16.3% · 🌾 83.7%
Unknown (2550) ×64 · Monk ×3
Feudal
11:25
Castillos
16:27
Imperial
—
| APM promedio | 24.5 |
| APM pico | 59 |
| eAPM promedio | 16.3 |
| Aldeanos / militares | 142 / 1 |
Foco
⚔️ 13.1% · 🌾 86.9%
Unknown (2550) ×26 · Unknown (2579) ×9 · Trade Cart ×5 · Monk ×1
Feudal
12:09
Castillos
17:59
Imperial
—
| APM promedio | 17.7 |
| APM pico | 49 |
| eAPM promedio | 7.7 |
| Aldeanos / militares | 78 / 42 |
Foco
⚔️ 17.4% · 🌾 82.6%
Gbeto ×41 · Knight ×1
Feudal
12:23
Castillos
21:03
Imperial
—
| APM promedio | 12.2 |
| APM pico | 33 |
| eAPM promedio | 9.0 |
| Aldeanos / militares | 75 / 19 |
Foco
⚔️ 20.7% · 🌾 79.3%
Spearman ×17 · Scout Cavalry ×2
Feudal
13:15
Castillos
19:02
Imperial
35:17
| APM promedio | 16.5 |
| APM pico | 39 |
| eAPM promedio | 10.8 |
| Aldeanos / militares | 119 / 23 |
Foco
⚔️ 14.7% · 🌾 85.3%
Knight ×22 · Monk ×1
Feudal
11:01
Castillos
19:44
Imperial
—
| APM promedio | 20.8 |
| APM pico | 55 |
| eAPM promedio | 12.5 |
| Aldeanos / militares | 74 / 37 |
Foco
⚔️ 27.5% · 🌾 72.5%
Cavalry Archer ×27 · Knight ×9 · Trade Cart ×6 · Monk ×1
Mapa de la partida
Recursos al inicio + cada clic de construcción. Línea gruesa = muro · recuadro discontinuo = muro de casas detectado. 🟡 oro · ⚪ piedra · 🟢 bayas · 🔶 jabalí · ⭕ reliquia
Tu base· Abierta — flanco sin cerrar
Base de BIZONADE· Abierta — flanco sin cerrar
Base de viperembobym· Abierta — flanco sin cerrar
Base de 羽山秋文_むてき· Abierta — flanco sin cerrar
Base de NouShty· Abierta — flanco sin cerrar
Base de zarkhalo3· ✓ Cerrada en 21:03 · 30t muro · 1 puerta(s)
Base de Albatros· Abierta — flanco sin cerrar
Base de soo1207200· ✓ Cerrada en 19:44 · 54t muro
Terreno con relieve · ⚠ = hueco de muro detectado · pasá el cursor para detalles
Inputs por minuto
— Samba - - BIZONADE
Build order — Samba
Primeras 150 de 256 acciones detectadas
| 0:02 | Crear | Villager (Male) |
| 0:02 | Crear | Villager (Male) |
| 0:02 | Crear | Villager (Male) |
| 0:04 | Construir | House |
| 0:06 | Construir | House |
| 0:22 | Crear | Villager (Male) |
| 0:22 | Crear | Villager (Male) |
| 1:35 | Crear | Villager (Male) |
| 1:35 | Crear | Villager (Male) |
| 1:49 | Construir | Lumber Camp |
| 2:16 | Crear | Villager (Male) |
| 2:21 | Crear | Villager (Male) |
| 2:21 | Crear | Villager (Male) |
| 3:09 | Crear | Villager (Male) |
| 3:13 | Crear | Villager (Male) |
| 3:13 | Crear | Villager (Male) |
| 3:22 | Construir | House |
| 3:24 | Construir | House |
| 3:38 | Crear | Villager (Male) |
| 3:39 | Crear | Villager (Male) |
| 3:53 | Crear | Villager (Male) |
| 4:25 | Construir | Mill |
| 4:41 | Investigar | Loom |
| 4:55 | Crear | Villager (Male) |
| 5:54 | Crear | Villager (Male) |
| 5:54 | Crear | Villager (Male) |
| 5:54 | Crear | Villager (Male) |
| 6:07 | Construir | Palisade Gate |
| 6:44 | Crear | Villager (Male) |
| 6:50 | Construir | Palisade Gate |
| 7:09 | Construir | House |
| 7:10 | Construir | House |
| 7:13 | Crear | Villager (Male) |
| 7:32 | Crear | Villager (Male) |
| 8:25 | Crear | Villager (Male) |
| 8:26 | Crear | Villager (Male) |
| 8:29 | Construir | Farm |
| 8:46 | Construir | Building 796 |
| 8:58 | Construir | Farm |
| 9:19 | Crear | Villager (Male) |
| 9:19 | Crear | Villager (Male) |
| 9:21 | Crear | Villager (Male) |
| 9:33 | Construir | Farm |
| 10:11 | Investigar | Feudal Age |
| 11:22 | Crear | Villager (Male) |
| 11:22 | Crear | Villager (Male) |
| 11:39 | Construir | Mill |
| 12:44 | Edad | Edad Feudal |
| 12:48 | Construir | Blacksmith |
| 12:53 | Construir | Market |
| 13:41 | Investigar | Castle Age |
| 13:54 | Construir | Barracks |
| 14:00 | Construir | House |
| 14:01 | Construir | House |
| 14:02 | Construir | House |
| 14:04 | Construir | House |
| 15:00 | Construir | Stable |
| 15:02 | Investigar | Forging |
| 15:33 | Investigar | Double-Bit Axe |
| 15:36 | Investigar | Scale Barding Armor |
| 16:21 | Edad | Edad de los Castillos |
| 16:25 | Construir | Town Center |
| 16:34 | Construir | Town Center |
| 16:37 | Crear | Knight |
| 16:37 | Crear | Knight |
| 16:37 | Crear | Knight |
| 16:37 | Crear | Knight |
| 16:40 | Crear | Villager (Male) |
| 16:50 | Construir | Mining Camp |
| 17:00 | Investigar | Horse Collar |
| 17:26 | Crear | Villager (Male) |
| 17:26 | Crear | Villager (Male) |
| 17:26 | Crear | Villager (Male) |
| 17:34 | Construir | Farm |
| 17:57 | Construir | Farm |
| 18:08 | Construir | Farm |
| 18:44 | Crear | Villager (Male) |
| 18:46 | Investigar | Wheelbarrow |
| 18:53 | Construir | Farm |
| 19:06 | Crear | Villager (Male) |
| 19:10 | Construir | Farm |
| 19:10 | Construir | Farm |
| 19:47 | Construir | Farm |
| 19:55 | Construir | Farm |
| 19:55 | Construir | Farm |
| 19:56 | Construir | Farm |
| 19:56 | Construir | Farm |
| 20:05 | Crear | Villager (Male) |
| 20:05 | Crear | Villager (Male) |
| 20:06 | Crear | Villager (Male) |
| 20:17 | Crear | Villager (Male) |
| 20:50 | Crear | Villager (Male) |
| 20:50 | Crear | Villager (Male) |
| 20:50 | Crear | Villager (Male) |
| 20:53 | Construir | Farm |
| 20:58 | Construir | Farm |
| 20:58 | Construir | Farm |
| 20:58 | Construir | Farm |
| 21:13 | Crear | Villager (Male) |
| 21:14 | Crear | Villager (Male) |
| 21:14 | Crear | Villager (Male) |
| 21:17 | Construir | Farm |
| 21:36 | Crear | Villager (Male) |
| 21:37 | Crear | Villager (Male) |
| 21:37 | Crear | Villager (Male) |
| 21:51 | Construir | Monastery |
| 21:54 | Crear | Villager (Male) |
| 21:54 | Crear | Villager (Male) |
| 21:55 | Crear | Villager (Male) |
| 21:55 | Crear | Villager (Male) |
| 21:57 | Construir | Farm |
| 22:29 | Construir | Farm |
| 22:39 | Construir | Farm |
| 22:39 | Crear | Villager (Male) |
| 22:39 | Crear | Villager (Male) |
| 22:40 | Crear | Villager (Male) |
| 22:40 | Crear | Villager (Male) |
| 22:40 | Crear | Villager (Male) |
| 22:40 | Crear | Villager (Male) |
| 22:41 | Crear | Villager (Male) |
| 22:42 | Construir | Farm |
| 22:45 | Crear | Monk |
| 22:45 | Crear | Monk |
| 22:54 | Construir | Farm |
| 22:59 | Investigar | Gold Mining |
| 23:06 | Crear | Villager (Male) |
| 23:06 | Crear | Villager (Male) |
| 23:06 | Crear | Villager (Male) |
| 23:25 | Construir | Farm |
| 24:01 | Construir | Farm |
| 24:04 | Construir | Farm |
| 24:06 | Construir | Farm |
| 24:06 | Crear | Villager (Male) |
| 24:06 | Crear | Villager (Male) |
| 24:07 | Crear | Villager (Male) |
| 24:08 | Investigar | Hand Cart |
| 24:11 | Crear | Villager (Male) |
| 24:14 | Construir | Farm |
| 24:37 | Construir | Farm |
| 24:43 | Construir | Farm |
| 25:18 | Crear | Villager (Male) |
| 25:19 | Crear | Villager (Male) |
| 25:19 | Crear | Villager (Male) |
| 25:19 | Crear | Villager (Male) |
| 25:20 | Crear | Villager (Male) |
| 25:21 | Crear | Villager (Male) |
| 25:21 | Crear | Villager (Male) |
| 25:21 | Crear | Villager (Male) |
| 25:22 | Crear | Villager (Male) |
| 25:29 | Crear | Villager (Male) |
Build order — BIZONADE
117 acciones detectadas en el replay
| 0:07 | Construir | House |
| 0:22 | Crear | Villager (Male) |
| 0:23 | Crear | Villager (Male) |
| 0:23 | Crear | Villager (Male) |
| 0:24 | Crear | Villager (Male) |
| 0:31 | Construir | House |
| 0:52 | Construir | House |
| 2:10 | Crear | Villager (Male) |
| 2:52 | Crear | Villager (Male) |
| 2:52 | Crear | Villager (Male) |
| 3:41 | Crear | Villager (Male) |
| 3:41 | Crear | Villager (Male) |
| 3:41 | Crear | Villager (Male) |
| 4:18 | Crear | Villager (Male) |
| 4:18 | Crear | Villager (Male) |
| 4:47 | Construir | Mill |
| 5:42 | Crear | Villager (Male) ×4 |
| 5:50 | Investigar | Loom |
| 6:25 | Crear | Villager (Male) |
| 6:26 | Crear | Villager (Male) |
| 6:26 | Crear | Villager (Male) |
| 7:07 | Crear | Villager (Male) |
| 7:07 | Crear | Villager (Male) |
| 8:07 | Crear | Villager (Male) |
| 8:07 | Crear | Villager (Male) |
| 8:08 | Crear | Villager (Male) |
| 9:26 | Construir | House |
| 9:42 | Investigar | Feudal Age |
| 10:35 | Construir | Lumber Camp |
| 10:48 | Construir | Mining Camp |
| 13:42 | Edad | Edad Feudal |
| 13:43 | Investigar | Castle Age |
| 14:51 | Investigar | Double-Bit Axe |
| 14:54 | Investigar | Horse Collar |
| 15:28 | Construir | Palisade Wall |
| 15:35 | Construir | Palisade Wall |
| 16:14 | Construir | Mining Camp |
| 16:20 | Crear | Villager (Male) ×5 |
| 16:23 | Edad | Edad de los Castillos |
| 16:36 | Construir | Monastery |
| 16:55 | Construir | House |
| 16:58 | Construir | House |
| 17:25 | Construir | Mining Camp |
| 17:28 | Crear | Monk |
| 17:39 | Construir | Farm |
| 19:00 | Crear | Villager (Male) ×5 |
| 19:00 | Crear | Villager (Male) ×5 |
| 19:09 | Construir | Farm |
| 19:13 | Construir | Farm |
| 19:18 | Construir | Farm |
| 19:26 | Construir | Farm |
| 20:18 | Crear | Villager (Male) |
| 20:18 | Crear | Villager (Male) |
| 20:18 | Crear | Villager (Male) |
| 20:31 | Construir | Farm |
| 20:40 | Construir | Farm |
| 21:11 | Construir | Farm |
| 21:14 | Crear | Villager (Male) |
| 21:14 | Crear | Villager (Male) |
| 21:39 | Construir | House |
| 21:41 | Construir | House |
| 21:42 | Construir | House |
| 21:44 | Construir | House |
| 21:45 | Construir | House |
| 21:46 | Construir | House |
| 22:39 | Construir | Town Center |
| 23:36 | Construir | Mining Camp |
| 23:46 | Crear | Villager (Male) ×5 |
| 23:46 | Crear | Villager (Male) ×3 |
| 23:46 | Crear | Villager (Male) ×3 |
| 24:12 | Construir | Stable |
| 24:13 | Construir | Stable |
| 24:16 | Construir | Stable |
| 24:17 | Construir | Stable |
| 24:19 | Construir | Stable |
| 24:30 | Construir | Stable |
| 24:34 | Crear | Villager (Male) ×2 |
| 26:24 | Crear | Villager (Male) ×5 |
| 26:24 | Crear | Villager (Male) ×2 |
| 27:40 | Crear | Villager (Male) |
| 27:40 | Crear | Villager (Male) |
| 27:40 | Crear | Villager (Male) |
| 27:41 | Crear | Villager (Male) |
| 28:42 | Construir | Farm |
| 28:43 | Construir | Farm |
| 28:44 | Construir | Farm |
| 28:45 | Construir | Farm |
| 28:45 | Construir | Farm |
| 28:46 | Construir | Farm |
| 28:47 | Construir | Farm |
| 28:49 | Construir | Farm |
| 28:57 | Crear | Villager (Male) ×4 |
| 29:38 | Investigar | Light Cavalry (upgrade) |
| 30:05 | Crear | Scout Cavalry |
| 30:05 | Crear | Scout Cavalry |
| 30:26 | Construir | Farm |
| 30:46 | Investigar | Bloodlines |
| 30:52 | Crear | Scout Cavalry |
| 30:52 | Crear | Scout Cavalry |
| 31:06 | Crear | Scout Cavalry |
| 31:06 | Crear | Scout Cavalry |
| 31:42 | Investigar | Husbandry |
| 31:47 | Crear | Scout Cavalry |
| 31:47 | Crear | Scout Cavalry |
| 32:04 | Construir | House |
| 32:06 | Construir | House |
| 32:07 | Construir | House |
| 32:08 | Construir | House |
| 32:09 | Construir | House |
| 32:11 | Construir | House |
| 32:13 | Construir | House |
| 32:15 | Construir | House |
| 32:17 | Construir | House |
| 34:16 | Crear | Villager (Male) ×5 |
| 34:17 | Crear | Villager (Male) ×5 |
| 34:17 | Crear | Villager (Male) ×4 |
| 34:17 | Crear | Villager (Male) ×4 |
Build order — viperembobym
Primeras 150 de 211 acciones detectadas
| 0:04 | Construir | House |
| 0:16 | Crear | Villager (Male) ×4 |
| 0:16 | Crear | Villager (Male) ×4 |
| 0:16 | Crear | Villager (Male) ×4 |
| 1:20 | Crear | Villager (Male) |
| 1:20 | Crear | Villager (Male) |
| 1:20 | Crear | Villager (Male) |
| 2:03 | Construir | Settlement |
| 2:34 | Crear | Villager (Male) ×2 |
| 2:34 | Crear | Villager (Male) ×2 |
| 2:35 | Crear | Villager (Male) ×2 |
| 3:16 | Crear | Villager (Male) |
| 3:16 | Crear | Villager (Male) |
| 3:16 | Crear | Villager (Male) |
| 3:41 | Crear | Villager (Male) |
| 4:13 | Crear | Villager (Male) ×2 |
| 4:13 | Crear | Villager (Male) ×2 |
| 4:45 | Investigar | Loom |
| 5:02 | Crear | Villager (Male) ×2 |
| 5:02 | Crear | Villager (Male) ×2 |
| 5:45 | Crear | Villager (Male) |
| 5:45 | Crear | Villager (Male) |
| 5:45 | Crear | Villager (Male) |
| 6:22 | Crear | Villager (Male) |
| 6:22 | Crear | Villager (Male) |
| 6:51 | Construir | Settlement |
| 7:08 | Crear | Villager (Male) |
| 7:09 | Crear | Villager (Male) |
| 7:09 | Crear | Villager (Male) |
| 7:09 | Crear | Villager (Male) |
| 8:06 | Crear | Villager (Male) |
| 8:31 | Crear | Villager (Male) |
| 8:32 | Crear | Villager (Male) |
| 8:53 | Construir | House |
| 8:59 | Construir | House |
| 9:04 | Construir | Farm |
| 9:20 | Construir | Farm |
| 9:34 | Crear | Villager (Male) |
| 9:44 | Construir | Palisade Wall |
| 10:00 | Construir | Barracks |
| 10:09 | Construir | Farm |
| 10:53 | Investigar | Feudal Age |
| 11:58 | Construir | Barracks |
| 12:18 | Construir | Farm |
| 12:18 | Construir | Farm |
| 12:18 | Construir | Farm |
| 12:18 | Construir | Farm |
| 12:18 | Construir | Farm |
| 12:33 | Crear | Villager (Male) |
| 12:33 | Crear | Villager (Male) |
| 12:33 | Crear | Villager (Male) |
| 13:03 | Edad | Edad Feudal |
| 13:06 | Construir | Blacksmith |
| 13:23 | Construir | Market |
| 13:37 | Investigar | Tech 1402 |
| 13:38 | Crear | Unit 2550 ×5 |
| 15:03 | Investigar | Castle Age |
| 15:14 | Investigar | Double-Bit Axe |
| 15:38 | Investigar | Scale Mail Armor |
| 16:03 | Crear | Unit 2550 ×2 |
| 16:03 | Crear | Unit 2550 ×2 |
| 16:27 | Investigar | Horse Collar |
| 17:11 | Investigar | Tech 1402 |
| 17:32 | Crear | Villager (Male) |
| 17:32 | Crear | Villager (Male) |
| 17:32 | Crear | Villager (Male) |
| 17:43 | Edad | Edad de los Castillos |
| 17:52 | Construir | Town Center |
| 17:56 | Crear | Unit 2550 ×2 |
| 17:56 | Crear | Unit 2550 ×2 |
| 18:14 | Crear | Villager (Male) ×2 |
| 18:37 | Construir | Town Center |
| 18:51 | Crear | Unit 2550 ×2 |
| 18:51 | Crear | Unit 2550 ×2 |
| 19:06 | Construir | Farm |
| 19:16 | Crear | Villager (Male) |
| 19:16 | Crear | Villager (Male) |
| 19:29 | Crear | Unit 2550 |
| 19:46 | Crear | Villager (Male) |
| 19:46 | Crear | Villager (Male) |
| 20:06 | Construir | Farm |
| 20:14 | Crear | Villager (Male) |
| 20:14 | Crear | Villager (Male) |
| 20:14 | Crear | Villager (Male) |
| 20:18 | Construir | Farm |
| 20:22 | Crear | Villager (Male) |
| 20:22 | Crear | Villager (Male) |
| 20:52 | Crear | Villager (Male) |
| 20:53 | Crear | Villager (Male) |
| 21:03 | Crear | Villager (Male) |
| 21:03 | Crear | Villager (Male) |
| 21:10 | Crear | Villager (Male) |
| 21:30 | Construir | Farm |
| 21:35 | Crear | Villager (Male) |
| 21:38 | Crear | Villager (Male) |
| 21:38 | Crear | Villager (Male) |
| 21:48 | Construir | Monastery |
| 21:53 | Construir | Farm |
| 22:00 | Crear | Villager (Male) |
| 22:00 | Crear | Villager (Male) |
| 22:09 | Construir | Farm |
| 22:10 | Construir | Farm |
| 22:10 | Construir | Farm |
| 22:10 | Construir | Farm |
| 22:11 | Construir | Farm |
| 22:16 | Crear | Villager (Male) |
| 22:21 | Construir | Farm |
| 22:27 | Crear | Villager (Male) |
| 22:28 | Crear | Villager (Male) |
| 22:44 | Construir | Outpost |
| 22:48 | Crear | Monk |
| 22:53 | Crear | Villager (Male) |
| 22:54 | Crear | Villager (Male) |
| 22:54 | Crear | Villager (Male) |
| 22:58 | Crear | Villager (Male) |
| 22:58 | Crear | Villager (Male) |
| 23:06 | Construir | Farm |
| 23:19 | Investigar | Heavy Plow |
| 23:31 | Construir | Outpost |
| 23:37 | Crear | Monk |
| 24:06 | Investigar | Tech 1351 |
| 24:09 | Investigar | Squires |
| 24:14 | Crear | Villager (Male) |
| 24:14 | Crear | Villager (Male) |
| 24:20 | Crear | Villager (Male) |
| 24:21 | Crear | Villager (Male) |
| 24:28 | Crear | Villager (Male) |
| 24:29 | Crear | Villager (Male) |
| 24:30 | Crear | Villager (Male) |
| 24:30 | Crear | Villager (Male) |
| 25:07 | Construir | House |
| 25:07 | Construir | House |
| 25:08 | Construir | House |
| 25:33 | Investigar | Wheelbarrow |
| 25:40 | Crear | Unit 2550 |
| 25:59 | Construir | Castle |
| 26:05 | Crear | Villager (Male) |
| 26:05 | Crear | Villager (Male) |
| 26:05 | Crear | Villager (Male) |
| 26:06 | Crear | Villager (Male) |
| 26:22 | Construir | Monastery |
| 26:28 | Crear | Villager (Male) |
| 26:28 | Crear | Villager (Male) |
| 26:29 | Crear | Villager (Male) |
| 26:29 | Crear | Villager (Male) |
| 26:29 | Crear | Villager (Male) |
| 26:29 | Crear | Villager (Male) |
| 26:30 | Crear | Villager (Male) |
| 26:55 | Crear | Villager (Male) |
| 26:55 | Crear | Villager (Male) |
Build order — 羽山秋文_むてき
Primeras 150 de 312 acciones detectadas
| 0:03 | Construir | House |
| 0:04 | Construir | House |
| 0:05 | Crear | Villager (Male) |
| 0:05 | Crear | Villager (Male) |
| 0:06 | Crear | Villager (Male) |
| 0:06 | Crear | Villager (Male) |
| 0:06 | Crear | Villager (Male) |
| 1:14 | Crear | Villager (Male) |
| 1:34 | Crear | Villager (Male) |
| 1:34 | Crear | Villager (Male) |
| 2:23 | Construir | Settlement |
| 2:27 | Crear | Villager (Male) |
| 2:28 | Crear | Villager (Male) |
| 2:55 | Crear | Villager (Male) |
| 3:45 | Crear | Villager (Male) |
| 3:45 | Crear | Villager (Male) |
| 4:03 | Crear | Villager (Male) |
| 4:39 | Construir | Settlement |
| 4:44 | Crear | Villager (Male) |
| 4:45 | Crear | Villager (Male) |
| 5:08 | Crear | Villager (Male) |
| 5:08 | Crear | Villager (Male) |
| 5:33 | Crear | Villager (Male) |
| 6:08 | Crear | Villager (Male) |
| 6:08 | Crear | Villager (Male) |
| 6:14 | Crear | Villager (Male) |
| 6:14 | Crear | Villager (Male) |
| 6:14 | Crear | Villager (Male) |
| 6:54 | Construir | Settlement |
| 7:14 | Crear | Villager (Male) |
| 7:14 | Crear | Villager (Male) |
| 7:15 | Crear | Villager (Male) |
| 7:16 | Crear | Villager (Male) |
| 8:31 | Construir | Barracks |
| 8:47 | Crear | Villager (Male) |
| 9:15 | Investigar | Feudal Age |
| 9:16 | Investigar | Feudal Age |
| 9:52 | Construir | House |
| 9:52 | Construir | House |
| 10:34 | Crear | Unit 2550 |
| 10:34 | Crear | Unit 2550 |
| 10:52 | Construir | House |
| 11:25 | Edad | Edad Feudal |
| 11:35 | Construir | Blacksmith |
| 11:42 | Construir | Market |
| 11:46 | Crear | Unit 2550 |
| 11:49 | Construir | House |
| 12:40 | Construir | Farm |
| 12:45 | Investigar | Double-Bit Axe |
| 13:47 | Investigar | Castle Age |
| 13:47 | Investigar | Castle Age |
| 14:26 | Construir | Farm |
| 14:50 | Construir | Farm |
| 14:53 | Construir | Farm |
| 15:31 | Construir | Farm |
| 15:32 | Construir | Farm |
| 15:48 | Construir | Settlement |
| 16:27 | Edad | Edad de los Castillos |
| 16:33 | Investigar | Wheelbarrow |
| 16:34 | Crear | Villager (Male) |
| 16:35 | Crear | Villager (Male) |
| 16:35 | Crear | Villager (Male) |
| 17:01 | Construir | Town Center |
| 17:37 | Crear | Villager (Male) |
| 17:37 | Crear | Villager (Male) |
| 18:00 | Investigar | Bow Saw |
| 18:00 | Investigar | Bow Saw |
| 18:42 | Construir | Town Center |
| 18:47 | Crear | Villager (Male) |
| 18:47 | Crear | Villager (Male) |
| 18:47 | Crear | Villager (Male) |
| 18:47 | Crear | Villager (Male) |
| 18:58 | Construir | Farm |
| 19:05 | Construir | Farm |
| 19:29 | Construir | House |
| 19:30 | Construir | House |
| 19:31 | Construir | House |
| 19:38 | Crear | Villager (Male) |
| 19:38 | Crear | Villager (Male) |
| 19:44 | Investigar | Horse Collar |
| 19:58 | Construir | Farm |
| 20:03 | Construir | Farm |
| 20:11 | Construir | Farm |
| 20:14 | Construir | Farm |
| 20:28 | Construir | Farm |
| 20:30 | Crear | Villager (Male) |
| 20:30 | Crear | Villager (Male) |
| 20:32 | Crear | Villager (Male) |
| 20:32 | Crear | Villager (Male) |
| 20:42 | Construir | Farm |
| 21:03 | Construir | Farm |
| 21:06 | Crear | Villager (Male) |
| 21:06 | Crear | Villager (Male) |
| 21:07 | Crear | Villager (Male) |
| 21:20 | Construir | House |
| 21:22 | Construir | House |
| 21:34 | Construir | Monastery |
| 21:45 | Crear | Villager (Male) |
| 21:45 | Crear | Villager (Male) |
| 21:45 | Crear | Villager (Male) |
| 21:46 | Crear | Villager (Male) |
| 22:02 | Construir | Farm |
| 22:13 | Crear | Villager (Male) |
| 22:14 | Crear | Villager (Male) |
| 22:15 | Crear | Villager (Male) |
| 22:15 | Crear | Villager (Male) |
| 22:21 | Construir | Farm |
| 22:26 | Construir | Farm |
| 22:42 | Construir | Palisade Gate |
| 22:46 | Construir | House |
| 22:54 | Crear | Villager (Male) |
| 22:54 | Crear | Villager (Male) |
| 22:55 | Crear | Villager (Male) |
| 22:55 | Crear | Villager (Male) |
| 22:55 | Crear | Villager (Male) |
| 22:58 | Crear | Villager (Male) |
| 23:03 | Construir | Farm |
| 23:05 | Construir | Farm |
| 23:09 | Construir | Farm |
| 23:11 | Construir | Farm |
| 23:19 | Construir | Farm |
| 23:24 | Construir | Farm |
| 23:28 | Construir | Farm |
| 23:32 | Construir | Farm |
| 23:40 | Crear | Villager (Male) |
| 23:40 | Crear | Villager (Male) |
| 23:41 | Crear | Villager (Male) |
| 23:41 | Crear | Villager (Male) |
| 23:41 | Crear | Villager (Male) |
| 23:41 | Crear | Villager (Male) |
| 23:54 | Construir | House |
| 23:55 | Construir | House |
| 23:58 | Construir | House |
| 24:08 | Crear | Villager (Male) |
| 24:08 | Crear | Villager (Male) |
| 24:09 | Crear | Villager (Male) |
| 24:09 | Crear | Villager (Male) |
| 24:09 | Crear | Villager (Male) |
| 24:10 | Crear | Villager (Male) |
| 24:15 | Construir | Farm |
| 24:16 | Crear | Monk |
| 24:23 | Crear | Villager (Male) |
| 24:24 | Crear | Villager (Male) |
| 24:28 | Construir | Farm |
| 24:31 | Construir | Farm |
| 24:41 | Investigar | Gold Mining |
| 24:42 | Investigar | Stone Mining |
| 24:52 | Construir | Farm |
| 25:04 | Construir | Farm |
| 25:09 | Crear | Villager (Male) |
Build order — NouShty
Primeras 150 de 178 acciones detectadas
| 0:05 | Construir | House |
| 0:10 | Construir | House |
| 0:11 | Crear | Villager (Male) |
| 0:11 | Crear | Villager (Male) |
| 0:12 | Crear | Villager (Male) |
| 0:12 | Crear | Villager (Male) |
| 0:12 | Crear | Villager (Male) |
| 1:52 | Crear | Villager (Male) |
| 1:53 | Crear | Villager (Male) |
| 2:04 | Construir | Lumber Camp |
| 2:12 | Crear | Villager (Male) |
| 2:12 | Crear | Villager (Male) |
| 2:54 | Crear | Villager (Male) |
| 2:54 | Crear | Villager (Male) |
| 3:36 | Crear | Villager (Male) |
| 3:37 | Crear | Villager (Male) |
| 3:37 | Crear | Villager (Male) |
| 4:11 | Crear | Villager (Male) |
| 4:12 | Crear | Villager (Male) |
| 4:16 | Construir | House |
| 5:01 | Construir | Mill |
| 7:22 | Crear | Villager (Male) |
| 7:23 | Crear | Villager (Male) |
| 7:23 | Crear | Villager (Male) |
| 7:23 | Crear | Villager (Male) |
| 7:23 | Crear | Villager (Male) |
| 7:37 | Crear | Villager (Male) |
| 7:41 | Crear | Villager (Male) |
| 8:47 | Crear | Villager (Male) |
| 9:59 | Investigar | Feudal Age |
| 10:03 | Construir | House |
| 10:22 | Construir | Farm |
| 12:09 | Edad | Edad Feudal |
| 12:27 | Construir | Blacksmith |
| 12:33 | Construir | Mining Camp |
| 13:03 | Construir | Market |
| 13:24 | Crear | Villager (Male) |
| 13:25 | Crear | Villager (Male) |
| 14:09 | Construir | Farm |
| 14:09 | Construir | Farm |
| 14:11 | Construir | Farm |
| 14:11 | Construir | Farm |
| 14:12 | Construir | Farm |
| 15:00 | Construir | Farm |
| 15:19 | Investigar | Castle Age |
| 15:42 | Construir | House |
| 16:01 | Investigar | Double-Bit Axe |
| 16:40 | Construir | House |
| 16:41 | Construir | House |
| 16:49 | Crear | Villager (Male) |
| 16:49 | Crear | Villager (Male) |
| 16:50 | Crear | Villager (Male) |
| 17:20 | Construir | Barracks |
| 17:59 | Edad | Edad de los Castillos |
| 18:03 | Crear | Villager (Male) |
| 18:03 | Crear | Villager (Male) |
| 18:04 | Crear | Villager (Male) |
| 18:33 | Construir | Stable |
| 18:36 | Investigar | Arson |
| 18:37 | Investigar | Squires |
| 18:55 | Construir | Farm |
| 19:05 | Construir | Town Center |
| 19:14 | Crear | Villager (Male) |
| 19:16 | Crear | Villager (Male) |
| 19:39 | Construir | University |
| 19:46 | Crear | Villager (Male) |
| 19:47 | Crear | Villager (Male) |
| 19:47 | Crear | Villager (Male) |
| 20:33 | Crear | Knight |
| 20:59 | Construir | Farm |
| 21:01 | Crear | Villager (Male) |
| 21:01 | Crear | Villager (Male) |
| 21:02 | Crear | Villager (Male) |
| 21:03 | Crear | Villager (Male) |
| 21:04 | Crear | Villager (Male) |
| 21:10 | Crear | Villager (Male) |
| 21:10 | Crear | Villager (Male) |
| 21:10 | Crear | Villager (Male) |
| 21:11 | Crear | Villager (Male) |
| 21:31 | Investigar | Horse Collar |
| 21:46 | Construir | Farm |
| 21:58 | Construir | Farm |
| 22:08 | Crear | Villager (Male) |
| 22:09 | Crear | Villager (Male) |
| 22:09 | Crear | Villager (Male) |
| 22:29 | Construir | Farm |
| 22:48 | Construir | Farm |
| 23:07 | Construir | Mining Camp |
| 23:09 | Crear | Villager (Male) |
| 23:10 | Crear | Villager (Male) |
| 23:11 | Crear | Villager (Male) |
| 23:16 | Construir | Farm |
| 23:30 | Construir | Lumber Camp |
| 23:45 | Construir | Farm |
| 23:46 | Construir | Farm |
| 23:59 | Crear | Villager (Male) |
| 23:59 | Crear | Villager (Male) |
| 23:59 | Crear | Villager (Male) |
| 24:02 | Crear | Villager (Male) |
| 24:03 | Crear | Villager (Male) |
| 24:08 | Construir | Farm |
| 24:34 | Crear | Villager (Male) |
| 24:39 | Investigar | Wheelbarrow |
| 24:43 | Construir | House |
| 24:44 | Construir | House |
| 24:45 | Construir | House |
| 25:03 | Construir | Farm |
| 25:10 | Construir | Farm |
| 25:34 | Construir | Castle |
| 25:47 | Crear | Villager (Male) |
| 25:49 | Crear | Villager (Male) |
| 25:49 | Crear | Villager (Male) |
| 25:53 | Investigar | Bow Saw |
| 26:08 | Crear | Villager (Male) |
| 26:08 | Crear | Villager (Male) |
| 26:10 | Crear | Villager (Male) |
| 26:10 | Crear | Villager (Male) |
| 26:20 | Construir | Farm |
| 26:29 | Construir | Mining Camp |
| 26:49 | Crear | Villager (Male) |
| 26:51 | Crear | Villager (Male) |
| 26:51 | Crear | Villager (Male) |
| 26:55 | Construir | Farm |
| 27:18 | Construir | House |
| 27:19 | Construir | House |
| 27:21 | Construir | House |
| 27:31 | Construir | Farm |
| 27:37 | Crear | Villager (Male) |
| 27:38 | Crear | Villager (Male) |
| 27:42 | Construir | Farm |
| 27:44 | Crear | Gbeto |
| 27:45 | Crear | Gbeto |
| 27:45 | Crear | Gbeto |
| 27:45 | Crear | Gbeto |
| 27:45 | Crear | Gbeto |
| 27:46 | Crear | Gbeto |
| 27:53 | Construir | Farm |
| 28:12 | Investigar | Gold Mining |
| 28:41 | Construir | Farm |
| 28:46 | Construir | Farm |
| 28:50 | Crear | Gbeto |
| 28:50 | Crear | Gbeto |
| 28:50 | Crear | Gbeto |
| 28:51 | Crear | Gbeto |
| 28:51 | Crear | Gbeto |
| 28:51 | Crear | Gbeto |
| 28:51 | Crear | Gbeto |
| 28:51 | Crear | Gbeto |
| 28:52 | Crear | Gbeto |
| 28:52 | Crear | Gbeto |
Build order — zarkhalo3
143 acciones detectadas en el replay
| 0:03 | Construir | House |
| 0:04 | Construir | House |
| 0:07 | Construir | House |
| 0:07 | Crear | Villager (Male) |
| 0:07 | Crear | Villager (Male) |
| 0:08 | Crear | Villager (Male) |
| 0:08 | Crear | Villager (Male) |
| 0:08 | Crear | Villager (Male) |
| 0:08 | Crear | Villager (Male) |
| 1:31 | Crear | Villager (Male) |
| 1:31 | Crear | Villager (Male) |
| 2:08 | Crear | Villager (Male) |
| 2:08 | Crear | Villager (Male) |
| 2:30 | Crear | Villager (Male) |
| 2:30 | Crear | Villager (Male) |
| 2:40 | Construir | Lumber Camp |
| 3:00 | Crear | Villager (Male) |
| 3:00 | Crear | Villager (Male) |
| 3:00 | Crear | Villager (Male) |
| 3:28 | Crear | Villager (Male) |
| 4:36 | Crear | Villager (Male) |
| 4:36 | Crear | Villager (Male) |
| 4:36 | Crear | Villager (Male) |
| 6:02 | Crear | Villager (Male) |
| 6:02 | Crear | Villager (Male) |
| 6:03 | Crear | Villager (Male) |
| 6:03 | Crear | Villager (Male) |
| 6:03 | Crear | Villager (Male) |
| 6:03 | Crear | Villager (Male) |
| 6:23 | Crear | Villager (Male) |
| 6:24 | Crear | Villager (Male) |
| 6:24 | Crear | Villager (Male) |
| 6:24 | Crear | Villager (Male) |
| 7:22 | Crear | Villager (Male) |
| 7:22 | Crear | Villager (Male) |
| 7:23 | Crear | Villager (Male) |
| 7:48 | Construir | House |
| 7:50 | Construir | House |
| 7:52 | Construir | House |
| 7:54 | Construir | House |
| 8:04 | Construir | House |
| 8:18 | Investigar | Loom |
| 9:45 | Construir | Mill |
| 10:05 | Construir | House |
| 10:07 | Construir | House |
| 10:09 | Construir | House |
| 10:19 | Investigar | Feudal Age |
| 10:39 | Construir | Mining Camp |
| 11:01 | Crear | Villager (Male) |
| 11:01 | Crear | Villager (Male) |
| 11:01 | Crear | Villager (Male) |
| 11:02 | Crear | Villager (Male) |
| 11:02 | Crear | Villager (Male) |
| 11:33 | Construir | House |
| 11:35 | Construir | House |
| 11:46 | Construir | Barracks |
| 12:23 | Edad | Edad Feudal |
| 12:32 | Construir | Blacksmith |
| 12:38 | Construir | Stable |
| 12:47 | Construir | Market |
| 12:59 | Construir | Palisade Gate |
| 13:08 | Construir | Farm |
| 13:11 | Construir | Farm |
| 13:13 | Construir | Farm |
| 13:31 | Investigar | Double-Bit Axe |
| 14:18 | Crear | Villager (Male) |
| 14:19 | Crear | Villager (Male) |
| 14:19 | Crear | Villager (Male) |
| 14:19 | Crear | Villager (Male) |
| 14:37 | Crear | Villager (Male) |
| 14:38 | Crear | Villager (Male) |
| 15:09 | Construir | Farm |
| 15:41 | Construir | Palisade Wall |
| 15:50 | Crear | Villager (Male) |
| 15:58 | Construir | Farm |
| 16:27 | Construir | Farm |
| 16:53 | Crear | Villager (Male) |
| 16:53 | Crear | Villager (Male) |
| 16:53 | Crear | Villager (Male) |
| 16:53 | Crear | Villager (Male) |
| 16:54 | Crear | Villager (Male) |
| 17:03 | Investigar | Wheelbarrow |
| 18:38 | Investigar | Castle Age |
| 19:03 | Crear | Spearman |
| 19:03 | Crear | Spearman |
| 19:03 | Crear | Spearman |
| 19:04 | Crear | Spearman |
| 19:04 | Crear | Spearman |
| 19:12 | Construir | House |
| 20:53 | Crear | Spearman |
| 20:54 | Crear | Spearman |
| 20:54 | Crear | Spearman |
| 20:54 | Crear | Spearman |
| 20:54 | Crear | Spearman |
| 20:55 | Crear | Spearman |
| 21:03 | Edad | Edad de los Castillos |
| 21:53 | Crear | Villager (Male) |
| 21:53 | Crear | Villager (Male) |
| 21:53 | Crear | Villager (Male) |
| 21:53 | Crear | Villager (Male) |
| 22:07 | Construir | Town Center |
| 23:06 | Crear | Spearman |
| 23:06 | Crear | Spearman |
| 23:06 | Crear | Spearman |
| 24:03 | Crear | Villager (Male) |
| 24:21 | Crear | Villager (Male) |
| 24:21 | Crear | Villager (Male) |
| 24:50 | Construir | Farm |
| 25:00 | Crear | Villager (Male) |
| 25:30 | Construir | Farm |
| 25:40 | Crear | Villager (Male) |
| 25:40 | Crear | Villager (Male) |
| 26:11 | Crear | Villager (Male) |
| 26:11 | Crear | Villager (Male) |
| 26:58 | Crear | Villager (Male) |
| 26:58 | Crear | Villager (Male) |
| 27:33 | Construir | Farm |
| 27:44 | Investigar | Arson |
| 27:45 | Crear | Spearman |
| 27:45 | Crear | Spearman |
| 27:46 | Crear | Spearman |
| 28:08 | Crear | Villager (Male) |
| 28:08 | Crear | Villager (Male) |
| 28:48 | Crear | Villager (Male) |
| 28:48 | Crear | Villager (Male) |
| 28:49 | Crear | Villager (Male) |
| 28:49 | Crear | Villager (Male) |
| 29:22 | Construir | Farm |
| 29:46 | Construir | Town Center |
| 29:56 | Construir | Farm |
| 29:59 | Investigar | Wheelbarrow |
| 30:20 | Crear | Scout Cavalry |
| 30:20 | Crear | Scout Cavalry |
| 30:33 | Construir | House |
| 30:35 | Construir | House |
| 30:38 | Construir | House |
| 31:15 | Construir | Building 796 |
| 32:07 | Crear | Villager (Male) |
| 32:08 | Crear | Villager (Male) |
| 32:08 | Crear | Villager (Male) |
| 32:08 | Crear | Villager (Male) |
| 34:49 | Crear | Villager (Male) |
| 34:49 | Crear | Villager (Male) |
Build order — Albatros
Primeras 150 de 258 acciones detectadas
| 0:04 | Crear | Villager (Male) |
| 0:05 | Crear | Villager (Male) |
| 0:05 | Crear | Villager (Male) |
| 0:09 | Construir | House |
| 0:16 | Construir | House |
| 0:57 | Crear | Villager (Male) |
| 1:59 | Crear | Villager (Male) |
| 2:00 | Crear | Villager (Male) |
| 2:24 | Crear | Villager (Male) |
| 2:24 | Crear | Villager (Male) |
| 2:32 | Investigar | Loom |
| 3:00 | Construir | Lumber Camp |
| 3:18 | Crear | Villager (Male) |
| 3:40 | Crear | Villager (Male) |
| 3:40 | Crear | Villager (Male) |
| 3:41 | Crear | Villager (Male) |
| 5:12 | Crear | Villager (Male) |
| 5:13 | Crear | Villager (Male) |
| 5:42 | Crear | Villager (Male) |
| 5:42 | Crear | Villager (Male) |
| 5:59 | Construir | House |
| 6:27 | Construir | House |
| 6:33 | Crear | Villager (Male) |
| 6:33 | Crear | Villager (Male) |
| 7:08 | Construir | Mill |
| 8:04 | Crear | Villager (Male) |
| 8:17 | Crear | Villager (Male) |
| 8:23 | Construir | House |
| 8:29 | Crear | Villager (Male) |
| 8:41 | Crear | Villager (Male) |
| 8:42 | Crear | Villager (Male) |
| 8:44 | Crear | Villager (Male) |
| 9:00 | Construir | Mill |
| 9:21 | Crear | Villager (Male) |
| 10:06 | Investigar | Feudal Age |
| 11:13 | Crear | Villager (Male) |
| 11:13 | Crear | Villager (Male) |
| 11:30 | Construir | Lumber Camp |
| 11:41 | Construir | Farm |
| 12:49 | Construir | Mining Camp |
| 13:11 | Construir | House |
| 13:15 | Edad | Edad Feudal |
| 13:21 | Crear | Villager (Male) |
| 13:23 | Crear | Villager (Male) |
| 14:13 | Construir | Farm |
| 14:25 | Construir | Farm |
| 14:26 | Construir | Farm |
| 14:27 | Construir | Farm |
| 14:28 | Construir | Farm |
| 14:29 | Construir | Farm |
| 14:41 | Construir | Blacksmith |
| 14:51 | Construir | Market |
| 14:56 | Crear | Villager (Male) |
| 14:56 | Crear | Villager (Male) |
| 14:56 | Crear | Villager (Male) |
| 15:56 | Construir | Barracks |
| 16:22 | Investigar | Castle Age |
| 16:22 | Investigar | Castle Age |
| 16:40 | Construir | House |
| 16:43 | Construir | House |
| 16:44 | Construir | House |
| 16:48 | Crear | Villager (Male) |
| 17:02 | Investigar | Double-Bit Axe |
| 17:18 | Investigar | Gold Mining |
| 17:49 | Construir | Mining Camp |
| 18:06 | Construir | Farm |
| 18:07 | Construir | Farm |
| 18:31 | Construir | Stable |
| 18:39 | Construir | Stable |
| 19:02 | Edad | Edad de los Castillos |
| 19:17 | Construir | Town Center |
| 19:36 | Construir | Town Center |
| 19:42 | Crear | Villager (Male) |
| 19:42 | Crear | Villager (Male) |
| 19:42 | Crear | Villager (Male) |
| 19:50 | Investigar | Wheelbarrow |
| 19:52 | Crear | Villager (Male) |
| 19:52 | Crear | Villager (Male) |
| 19:57 | Investigar | Bow Saw |
| 20:19 | Construir | Farm |
| 20:20 | Construir | Farm |
| 20:21 | Construir | Farm |
| 20:46 | Construir | Monastery |
| 20:51 | Investigar | Husbandry |
| 21:11 | Crear | Villager (Male) |
| 21:11 | Crear | Villager (Male) |
| 21:11 | Crear | Villager (Male) |
| 21:42 | Construir | Farm |
| 21:43 | Construir | Farm |
| 21:44 | Construir | Farm |
| 21:45 | Construir | Farm |
| 22:09 | Construir | University |
| 22:13 | Crear | Monk |
| 22:28 | Crear | Villager (Male) |
| 22:28 | Crear | Villager (Male) |
| 22:29 | Crear | Villager (Male) |
| 22:29 | Crear | Villager (Male) |
| 22:29 | Crear | Villager (Male) |
| 22:31 | Crear | Villager (Male) |
| 22:31 | Crear | Villager (Male) |
| 22:31 | Crear | Villager (Male) |
| 23:05 | Construir | Farm |
| 23:13 | Crear | Villager (Male) |
| 23:15 | Crear | Villager (Male) |
| 23:16 | Crear | Villager (Male) |
| 23:18 | Crear | Villager (Male) |
| 23:19 | Crear | Villager (Male) |
| 23:37 | Construir | Mining Camp |
| 23:44 | Construir | Farm |
| 23:49 | Construir | Farm |
| 23:50 | Construir | Farm |
| 23:50 | Construir | Farm |
| 23:52 | Construir | Farm |
| 23:53 | Construir | Farm |
| 24:16 | Crear | Villager (Male) |
| 24:16 | Crear | Villager (Male) |
| 24:17 | Crear | Villager (Male) |
| 24:18 | Crear | Villager (Male) |
| 24:18 | Crear | Villager (Male) |
| 24:19 | Crear | Villager (Male) |
| 24:19 | Crear | Villager (Male) |
| 24:20 | Crear | Villager (Male) |
| 24:32 | Construir | Farm |
| 24:33 | Construir | Farm |
| 24:44 | Investigar | Scale Barding Armor |
| 25:23 | Construir | House |
| 25:24 | Construir | House |
| 25:26 | Construir | House |
| 25:27 | Construir | House |
| 25:31 | Crear | Villager (Male) |
| 25:31 | Crear | Villager (Male) |
| 25:33 | Crear | Villager (Male) |
| 25:33 | Crear | Villager (Male) |
| 25:34 | Crear | Villager (Male) |
| 25:35 | Crear | Villager (Male) |
| 25:59 | Investigar | Chain Barding Armor |
| 26:00 | Investigar | Forging |
| 26:19 | Construir | Farm |
| 26:20 | Construir | Farm |
| 26:43 | Crear | Villager (Male) |
| 26:45 | Crear | Villager (Male) |
| 26:46 | Crear | Villager (Male) |
| 26:49 | Crear | Villager (Male) |
| 26:49 | Crear | Villager (Male) |
| 26:51 | Crear | Villager (Male) |
| 26:52 | Crear | Villager (Male) |
| 27:09 | Construir | Stable |
| 27:11 | Construir | Stable |
| 27:15 | Construir | Stable |
| 27:18 | Construir | Stable |
Build order — soo1207200
Primeras 150 de 195 acciones detectadas
| 0:07 | Crear | Villager (Male) |
| 0:07 | Crear | Villager (Male) |
| 0:08 | Crear | Villager (Male) |
| 0:08 | Crear | Villager (Male) |
| 0:44 | Construir | House |
| 1:44 | Crear | Villager (Male) |
| 2:03 | Construir | House |
| 2:05 | Crear | Villager (Male) |
| 2:05 | Crear | Villager (Male) |
| 2:42 | Construir | Lumber Camp |
| 3:14 | Crear | Villager (Male) |
| 3:14 | Crear | Villager (Male) |
| 3:14 | Crear | Villager (Male) |
| 3:42 | Crear | Villager (Male) |
| 3:54 | Construir | House |
| 4:02 | Crear | Villager (Male) |
| 4:02 | Crear | Villager (Male) |
| 4:42 | Crear | Villager (Male) |
| 4:42 | Crear | Villager (Male) |
| 5:30 | Construir | Palisade Wall |
| 5:30 | Construir | Palisade Wall |
| 5:37 | Construir | Palisade Wall |
| 5:52 | Construir | Palisade Wall |
| 6:09 | Crear | Villager (Male) |
| 6:09 | Crear | Villager (Male) |
| 6:09 | Crear | Villager (Male) |
| 6:20 | Crear | Villager (Male) |
| 6:20 | Crear | Villager (Male) |
| 6:40 | Construir | Mill |
| 6:43 | Crear | Villager (Male) |
| 6:43 | Crear | Villager (Male) |
| 7:40 | Crear | Villager (Male) |
| 7:57 | Crear | Villager (Male) |
| 7:58 | Crear | Villager (Male) |
| 8:13 | Construir | Palisade Wall |
| 8:14 | Construir | Palisade Wall |
| 8:16 | Construir | Palisade Wall |
| 8:23 | Construir | House |
| 8:51 | Investigar | Feudal Age |
| 9:27 | Construir | House |
| 10:20 | Construir | Mining Camp |
| 10:28 | Crear | Villager (Male) |
| 10:29 | Crear | Villager (Male) |
| 11:01 | Edad | Edad Feudal |
| 11:06 | Crear | Villager (Male) |
| 11:08 | Investigar | Loom |
| 11:36 | Crear | Villager (Male) |
| 11:36 | Crear | Villager (Male) |
| 11:36 | Crear | Villager (Male) |
| 11:37 | Crear | Villager (Male) |
| 11:56 | Construir | Barracks |
| 12:24 | Crear | Villager (Male) |
| 13:08 | Construir | Farm |
| 13:09 | Construir | Farm |
| 13:22 | Construir | Blacksmith |
| 13:28 | Crear | Villager (Male) |
| 13:36 | Construir | Farm |
| 14:34 | Construir | Palisade Wall |
| 14:45 | Crear | Villager (Male) |
| 14:45 | Crear | Villager (Male) |
| 14:46 | Crear | Villager (Male) |
| 14:59 | Construir | House |
| 15:00 | Construir | House |
| 16:04 | Construir | Market |
| 16:09 | Crear | Villager (Male) |
| 16:55 | Construir | Watch Tower |
| 17:04 | Investigar | Castle Age |
| 17:08 | Investigar | Double-Bit Axe |
| 17:11 | Investigar | Horse Collar |
| 17:21 | Construir | Farm |
| 17:24 | Construir | Farm |
| 17:34 | Construir | Building 800 |
| 17:59 | Construir | House |
| 18:00 | Construir | House |
| 18:02 | Construir | House |
| 18:07 | Crear | Villager (Male) |
| 18:07 | Crear | Villager (Male) |
| 18:22 | Construir | Farm |
| 18:24 | Construir | Farm |
| 18:37 | Construir | Palisade Wall |
| 18:44 | Construir | Farm |
| 18:49 | Construir | Farm |
| 18:54 | Construir | Farm |
| 18:58 | Construir | Farm |
| 18:59 | Construir | Farm |
| 19:08 | Construir | Farm |
| 19:34 | Construir | Archery Range |
| 19:44 | Edad | Edad de los Castillos |
| 20:00 | Crear | Villager (Male) |
| 20:00 | Crear | Villager (Male) |
| 20:00 | Crear | Villager (Male) |
| 20:08 | Investigar | Heavy Plow |
| 20:27 | Construir | Building 804 |
| 20:31 | Crear | Trade Cart |
| 20:31 | Crear | Trade Cart |
| 21:10 | Crear | Villager (Male) |
| 21:11 | Crear | Villager (Male) |
| 21:30 | Construir | Stable |
| 22:02 | Investigar | Padded Archer Armor |
| 22:09 | Investigar | Fletching |
| 22:14 | Crear | Trade Cart |
| 22:14 | Crear | Trade Cart |
| 22:14 | Crear | Trade Cart |
| 22:15 | Crear | Trade Cart |
| 22:19 | Crear | Villager (Male) |
| 22:20 | Crear | Villager (Male) |
| 22:20 | Crear | Villager (Male) |
| 22:20 | Crear | Villager (Male) |
| 22:21 | Crear | Villager (Male) |
| 22:23 | Crear | Villager (Male) |
| 22:23 | Crear | Villager (Male) |
| 22:32 | Construir | House |
| 22:34 | Construir | House |
| 22:36 | Construir | House |
| 22:38 | Construir | House |
| 22:44 | Investigar | Gold Mining |
| 23:15 | Crear | Cavalry Archer |
| 23:15 | Crear | Cavalry Archer |
| 23:15 | Crear | Cavalry Archer |
| 23:15 | Crear | Cavalry Archer |
| 23:16 | Crear | Cavalry Archer |
| 23:20 | Crear | Villager (Male) |
| 23:21 | Crear | Villager (Male) |
| 23:21 | Crear | Villager (Male) |
| 23:21 | Crear | Villager (Male) |
| 23:43 | Crear | Villager (Male) |
| 24:11 | Crear | Cavalry Archer |
| 24:12 | Crear | Cavalry Archer |
| 24:12 | Crear | Cavalry Archer |
| 25:07 | Construir | Stone Wall |
| 25:08 | Construir | Stone Wall |
| 25:09 | Construir | Stone Wall |
| 25:09 | Construir | Stone Wall |
| 25:09 | Construir | Stone Wall |
| 25:10 | Construir | Stone Wall |
| 25:10 | Construir | Stone Wall |
| 25:10 | Construir | Stone Wall |
| 25:11 | Construir | Stone Wall |
| 26:10 | Construir | Mining Camp |
| 26:13 | Crear | Villager (Male) |
| 26:13 | Crear | Villager (Male) |
| 26:13 | Crear | Villager (Male) |
| 26:24 | Construir | Lumber Camp |
| 26:37 | Crear | Cavalry Archer |
| 26:37 | Crear | Cavalry Archer |
| 26:38 | Crear | Cavalry Archer |
| 26:49 | Construir | Monastery |
| 26:55 | Crear | Villager (Male) |
| 26:55 | Crear | Villager (Male) |
| 26:56 | Crear | Villager (Male) |
Cronología de la partida
| 5:30 | soo1207200 · wall_segment Palisade Wall x1 |
| 5:30 | soo1207200 · wall_segment Palisade Wall x2 |
| 5:37 | soo1207200 · wall_segment Palisade Wall x7 |
| 5:52 | soo1207200 · wall_segment Palisade Wall x6 |
| 8:13 | soo1207200 · wall_segment Palisade Wall x17 |
| 8:14 | soo1207200 · wall_segment Palisade Wall x1 |
| 8:16 | soo1207200 · wall_segment Palisade Wall x7 |
| 8:31 | 羽山秋文_むてき · first_building Barracks |
| 9:44 | viperembobym · wall_segment Palisade Wall x1 |
| 10:00 | viperembobym · first_building Barracks |
| 11:01 | soo1207200 · age_up feudal |
| 11:25 | 羽山秋文_むてき · age_up feudal |
| 11:46 | zarkhalo3 · first_building Barracks |
| 11:56 | soo1207200 · first_building Barracks |
| 12:09 | NouShty · age_up feudal |
| 12:23 | zarkhalo3 · age_up feudal |
| 12:38 | zarkhalo3 · first_building Stable |
| 12:44 | Samba · age_up feudal |
| 13:03 | viperembobym · age_up feudal |
| 13:15 | Albatros · age_up feudal |
| 13:42 | BIZONADE · age_up feudal |
| 13:54 | Samba · first_building Barracks |
| 14:34 | soo1207200 · wall_segment Palisade Wall x19 |
| 14:56 | viperembobym · first_market_buy 100 food |
| 15:00 | Samba · first_building Stable |
| 15:00 | viperembobym · first_market_sell 100 wood |
| 15:28 | BIZONADE · wall_segment Palisade Wall x22 |
| 15:35 | BIZONADE · wall_segment Palisade Wall x22 |
| 15:41 | zarkhalo3 · wall_segment Palisade Wall x30 |
| 15:56 | Albatros · first_building Barracks |
| 16:21 | Samba · age_up castle |
| 16:23 | BIZONADE · age_up castle |
| 16:27 | 羽山秋文_むてき · age_up castle |
| 16:36 | BIZONADE · first_building Monastery |
| 16:46 | 羽山秋文_むてき · first_market_buy 100 wood |
| 17:20 | NouShty · first_building Barracks |
| 17:43 | viperembobym · age_up castle |
| 17:59 | NouShty · age_up castle |
| 18:31 | Albatros · first_building Stable |
| 18:33 | NouShty · first_building Stable |
| 18:37 | soo1207200 · wall_segment Palisade Wall x4 |
| 19:02 | Albatros · age_up castle |
| 19:34 | soo1207200 · first_building Archery Range |
| 19:44 | soo1207200 · age_up castle |
| 20:15 | NouShty · first_market_buy 100 stone |
| 20:46 | Albatros · first_building Monastery |
| 21:03 | zarkhalo3 · age_up castle |
| 21:30 | soo1207200 · first_building Stable |
| 21:34 | 羽山秋文_むてき · first_building Monastery |
| 21:48 | viperembobym · first_building Monastery |
| 21:51 | Samba · first_building Monastery |
| 23:19 | Samba · first_market_buy 100 stone |
| 24:12 | BIZONADE · first_building Stable |
| 24:28 | Samba · first_market_sell 100 wood |
| 25:07 | Albatros · first_market_buy 100 stone |
| 25:07 | soo1207200 · wall_segment Stone Wall x3 |
| 25:08 | soo1207200 · wall_segment Stone Wall x1 |
| 25:09 | soo1207200 · wall_segment Stone Wall x1 |
| 25:09 | soo1207200 · wall_segment Stone Wall x1 |
| 25:09 | soo1207200 · wall_segment Stone Wall x2 |
| 25:10 | soo1207200 · wall_segment Stone Wall x1 |
| 25:10 | soo1207200 · wall_segment Stone Wall x1 |
| 25:10 | soo1207200 · wall_segment Stone Wall x2 |
| 25:11 | soo1207200 · wall_segment Stone Wall x1 |
| 25:23 | soo1207200 · first_market_buy 100 stone |
| 25:34 | NouShty · first_building Castle |
| 25:59 | viperembobym · first_building Castle |
| 26:49 | zarkhalo3 · first_market_sell 100 wood |
| 26:49 | soo1207200 · first_building Monastery |
| 27:00 | Samba · first_building Castle |
| 28:19 | soo1207200 · wall_segment Palisade Wall x2 |
| 28:19 | soo1207200 · wall_segment Palisade Wall x1 |
| 28:43 | Samba · first_building Siege Workshop |
| 28:59 | 羽山秋文_むてき · first_market_sell 100 wood |
| 29:28 | 羽山秋文_むてき · first_building Castle |
| 29:36 | NouShty · first_building Siege Workshop |
| 29:40 | Albatros · first_building Castle |
| 31:22 | soo1207200 · wall_segment Palisade Wall x1 |
| 31:23 | soo1207200 · wall_segment Palisade Wall x1 |
| 32:07 | soo1207200 · first_market_sell 100 wood |
| 34:11 | viperembobym · age_up imperial |
| 34:32 | BIZONADE · resign |
| 35:17 | Albatros · age_up imperial |
[ ANÁLISIS IA · 1 CRÉDITO ]
¿Qué pasó realmente en esta partida?
Wolo.gg analiza cada decisión: build order, eco, micro, errores típicos por bracket. Análisis personalizado por WhatsApp o Discord en 30 segundos.
Guía civ
Bereberes
Guía mapa
MegaRandom
Perfil
Samba